 Dungeon Crawl Stone Soup version 0.32-a0-799-g95e1662365 (webtiles) character file.

Game seed: 10349753496631904953

25 backslashecho the Apothecary (level 3, -6/21 HPs)
             Began as an Octopode Alchemist on Mar 22, 2024.
             Mangled by a gnoll
             ... wielding a +0 flail
              (10 damage)
             ... on level 2 of the Dungeon.
             The game lasted 00:04:15 (1361 turns).

backslashecho the Apothecary (Octopode Alchemist)   Turns: 1361, Time: 00:04:15

Health: -6/21      AC:  1    Str:  7    XL:     3   Next: 6%
Magic:  4/7        EV: 12    Int: 23    God:
Gold:   89         SH:  0    Dex: 12    Spells: 6/7 levels left

rFire   . . .        c - +1 quarterstaff of Shame {freeze, ^Fragile rElec rC++ Int+4}
rCold   + + .        (shield currently unavailable)
rNeg    . . .        (helmet restricted)
rPois   .            (no amulet)
rElec   +            (no ring)
rCorr   .            (no ring)
SInv    .            (no ring)
Will    .....        (no ring)
Stlth   +++          (no ring)
HPRegen 0.23/turn    (no ring)
MPRegen 0.10/turn    (no ring)
                     (no ring)

%: no passive effects
@: no status effects
A: almost no armour, amphibious, 8 rings, camouflage 1, gelatinous body 1,
(nimble swimmer 1), tentacles
a: no special abilities


You were on level 2 of the Dungeon.
You visited 1 branch of the dungeon, and saw 2 of its levels.

You collected 89 gold pieces.

Inventory:

Hand Weapons
 c - the +1 quarterstaff of Shame (weapon) {freeze, ^Fragile rElec rC++ Int+4}
   (You found it on level 2 of the Dungeon)

   Int+4:     It affects your intelligence (+4).
   rC++:      It greatly protects you from cold.
   rElec:     It insulates you from electricity.
   ^Fragile:  It will be destroyed if unequipped.
Jewellery
 f - a ring of fire
Scrolls
 b - a scroll of teleportation {unknown}
 e - a scroll of torment {unknown}
 g - a scroll of enchant weapon {unknown}
 h - a scroll of revelation {unknown}
 k - 3 scrolls of identify {unknown}
Potions
 a - a potion of magic
 d - a potion of curing {unknown}
 i - 2 potions of might {unknown}
 j - a potion of attraction {unknown}
 l - 2 potions of resistance {unknown}


   Skills:
 - Level 2.0 Dodging
 - Level 2.6 Stealth
 * Level 2.7 Spellcasting
 + Level 1.6 Conjurations
 + Level 3.6 Alchemy


You had 6 spell levels left.
You knew the following spells:

 Your Spells              Type           Power      Damage    Failure   Level
a - Sting                 Conj/Alch      60%        1d6       4%          1

Your spell library contained the following spells:

 Spells                   Type           Power      Damage    Failure   Level
 Shock                    Conj/Air       24%        1d4       9%          1
 Mercury Vapours          Alch/Air       22%        N/A       9%          2
 Mephitic Cloud           Conj/Alch/Air  11%        N/A       17%         3
 Dazzling Flash           Conj/Hex       12%        N/A       26%         3
 Olgreb's Toxic Radiance  Alch           19%        N/A       26%         4
 Swiftness                Air            3%         N/A       34%         3
 Sticky Flame             Fire/Alch      11%        2d5       50%         4
 Airstrike                Air            1%         2d(1-17)  75%         4
 Starburst                Conj/Fire      3%         6d3       100%        6
 Maxwell's Capacitive Co  Air            1%         ∞         100%        8


Dungeon Overview and Level Annotations

Branches:
Dungeon (2/15)

Altars:
Hepliaklqana

Shops:
D:1 [=*


Innate Abilities, Weirdness & Mutations

You cannot wear most types of armour.
You are amphibious.
You can wear up to eight rings at the same time.
Your skin changes colour to match your surroundings (Stealth+).
Your rubbery body absorbs attacks. (AC +1, EV +1)
((You are camouflaged when in or above water. (Stealth+)))
You have tentacles for arms and can constrict up to eight enemies at once.


Message History

You see here a +0 short sword.
Casting: Sting (safe; 4% risk of failure)
Confirm with . or Enter, or press ? or * to list all spells.
You can't see any susceptible monsters within range! (Use Z to cast anyway.)
Casting: Sting (safe; 4% risk of failure)
Confirm with . or Enter, or press ? or * to list all spells.
You can't see any susceptible monsters within range! (Use Z to cast anyway.)
Found a ring mail.
Casting: Sting (safe; 4% risk of failure)
Confirm with . or Enter, or press ? or * to list all spells.
You can't see any susceptible monsters within range! (Use Z to cast anyway.)
Casting: Sting (safe; 4% risk of failure)
Confirm with . or Enter, or press ? or * to list all spells.
You can't see any susceptible monsters within range! (Use Z to cast anyway.)
Casting: Sting (safe; 4% risk of failure)
Confirm with . or Enter, or press ? or * to list all spells.
Aiming: Sting (safe; 4% risk of failure)
Press: ? - help, Shift-Dir - straight line, f - ball python
Aim: a ball python (71% to hit)
The sting misses the ball python.
You now have 6/7 mp.
Casting: Sting (safe; 4% risk of failure)
Confirm with . or Enter, or press ? or * to list all spells.
Aiming: Sting (safe; 4% risk of failure)
Press: ? - help, Shift-Dir - straight line, f/p - ball python
Aim: a ball python (71% to hit)
The sting hits the ball python.
The ball python is poisoned.
The ball python is severely wounded.
The ball python bites you. The ball python closely misses you.
You take 1 damage, and have 20/21 hp.
You now have 5/7 mp.
The ball python attacks as it pursues you!
The ball python closely misses you. The ball python grabs you.
The ball python constricts you.
You take 1 damage, and have 19/21 hp.
Casting: Sting (safe; 4% risk of failure)
Confirm with . or Enter, or press ? or * to list all spells.
Aiming: Sting (safe; 4% risk of failure)
Press: ? - help, Shift-Dir - straight line, f/p - ball python
Aim: a ball python (severely wounded, constricting you, poisoned, 71% to hit)
The sting hits the ball python.
The ball python looks even sicker.
You kill the ball python!
You now have 4/7 mp.
HP restored.
There is a shaft here.
l - 2 fuming inky potions
Found a dagger.
Health restored: 21; MP restored: 7 You now have 89 gold pieces (gained 10).
You see here a +0 dagger.
Found a pitted scale mail.
Found a scroll labelled ZOZXO AMAV.
Found a stone staircase leading down.
Found a hazy altar of Hepliaklqana.
You see here the +2 scale mail "Irol" {Int+2}.
A gnoll comes into view. It is wielding a +0 flail.
The gnoll shouts!
A gnoll comes into view. It is wielding a +0 flail.
You see here a scroll labelled ZOZXO AMAV.
There are monsters nearby!
k - 3 scrolls labelled ZOZXO AMAV (gained 1)
A gnoll comes into view. It is wielding a +0 spear.
Casting: Sting (safe; 4% risk of failure)
Confirm with . or Enter, or press ? or * to list all spells.
Aiming: Sting (safe; 4% risk of failure)
Press: ? - help, Shift-Dir - straight line, f - gnoll
Aim: a gnoll, wielding a +0 flail (77% to hit)
The sting misses the gnoll.
You now have 6/7 mp.
Casting: Sting (safe; 4% risk of failure)
Confirm with . or Enter, or press ? or * to list all spells.
Aiming: Sting (safe; 4% risk of failure)
Press: ? - help, Shift-Dir - straight line, f/p - gnoll
Aim: a gnoll, wielding a +0 flail (77% to hit)
The sting hits the gnoll.
The gnoll is poisoned.
The gnoll is heavily wounded.
You now have 5/7 mp.
The gnoll looks more healthy.
The gnoll hits you with a +0 flail.
You take 6 damage, and have 15/21 hp.
MASSIVE DAMAGE!!
The gnoll attacks as it pursues you! The gnoll closely misses you.
Casting: Sting (safe; 4% risk of failure)
Confirm with . or Enter, or press ? or * to list all spells.
Aiming: Sting (safe; 4% risk of failure)
Press: ? - help, Shift-Dir - straight line, f/p - gnoll
Aim: a gnoll, wielding a +0 flail (severely wounded, 77% to hit)
The sting misses the gnoll.
You now have 5/7 mp.
The gnoll attacks as it pursues you! The gnoll hits you with a +0 flail!
Ouch! That really hurt!
* * * LOW HITPOINT WARNING * * *
You take 11 damage, and have 4/21 hp.
MASSIVE DAMAGE!!
The gnoll attacks as it pursues you! The gnoll misses you.
Casting: Sting (safe; 4% risk of failure)
Confirm with . or Enter, or press ? or * to list all spells.
Aiming: Sting (safe; 4% risk of failure)
Press: ? - help, Shift-Dir - straight line, f/p - gnoll
Aim: a gnoll, wielding a +0 flail (severely wounded, 77% to hit)
The sting hits the gnoll.
The gnoll is poisoned.
The gnoll is almost dead.
The gnoll hits you with a +0 flail!
You die...

##### #.... #.... #.... #....
#....
###########################....
............g@...........)....
##...##..g################....
##..........## #.....
#.......[....# ## ##.####
#............# #.###..#
#.._.........# #..#..#####
#.........>.## # #....##....
#.....##......# ##. #.#..##.###
#..#########........#....##.#


You could see 2 gnolls.

Vanquished Creatures
  A dart slug (D:1)
  3 ball pythons
  3 bats (D:2)
  2 endoplasms (D:1)
  2 giant cockroaches (D:1)
  2 hobgoblins (D:1)
  A quokka (D:1)
  A frilled lizard (D:2)
  2 goblins (D:1)
  2 kobolds (D:1)
  3 rats (D:1)
22 creatures vanquished.

Notes
Turn   | Place    | Note
-------+----------+-------------------------------------------
     0 | D:1      | backslashecho the Octopode Alchemist began the quest for
                  | the Orb.
     0 | D:1      | Reached XP level 1. HP: 11/11 MP: 3/3
     0 | D:1      | Noticed a large abomination
     1 | D:1      | Noticed a large abomination
     1 | D:1      | Noticed a large abomination
     3 | D:1      | Noticed a large abomination
     3 | D:1      | Noticed a large abomination
     5 | D:1      | Noticed a large abomination
     6 | D:1      | Noticed a large abomination
     7 | D:1      | Noticed a large abomination
     8 | D:1      | Noticed a large abomination
     9 | D:1      | Noticed a large abomination
    12 | D:1      | Noticed a large abomination
    14 | D:1      | Noticed a large abomination
    14 | D:1      | Noticed a large abomination
    16 | D:1      | Noticed a large abomination
    16 | D:1      | Noticed a large abomination
    18 | D:1      | Noticed a large abomination
    18 | D:1      | Noticed a large abomination
   114 | D:1      | Found Wutun's Jewellery Shop.
   250 | D:1      | Found Goron's Armour Shoppe.
   352 | D:1      | Reached XP level 2. HP: 15/17 MP: 1/5
   934 | D:1      | Found Riom's Assorted Antiques.
  1077 | D:2      | Reached XP level 3. HP: 21/21 MP: 0/7
  1160 | D:2      | Identified the +1 quarterstaff of Shame {freeze, ^Fragile
                  | rElec rC++ Int+4}
  1340 | D:2      | Found a hazy altar of Hepliaklqana.
  1342 | D:2      | Identified the +2 scale mail "Irol" {Int+2}
  1361 | D:2      | Mangled by a gnoll

Illustrated notes

Levels and vault maps discovered:
D:1:      shiori_arrival_whats_in_store_for_you, layout_rooms, serial_shops,
          shop, shop, shop, serial_forest, infiniplex_forest_clump_cross,
          infiniplex_forest_end_2, infiniplex_forest_end_1,
          infiniplex_forest_lined_4_way, grunt_decor_junction
D:2:      layout_rooms, basic_altar

Action                     || total
---------------------------++-------
  Melee: Rapier            ||     6
         Constrict         ||     2
         Tentacles         ||     2
   Cast: Sting             ||    40
 Armour: Skin              ||     8
  Dodge: Dodged            ||    12

Table legend: (Time is in decaauts)
 A = Elapsed time spent in this place.
 B = Non-inter-level travel time spent in this place.
 C = Inter-level travel time spent in this place.
 D = Time resting spent in this place.
 E = Time spent auto-exploring this place.
 F = Levels seen in this place.
 G = Mean time per level.
                   A        B        C        D        E       F      G
               +--------+--------+--------+--------+--------+-----+--------+
         Total |   1361 |   1318 |     43 |     21 |    935 |   2 |  680.5 |
       Dungeon |   1361 |   1318 |     43 |     21 |    935 |   2 |  680.5 |
               +--------+--------+--------+--------+--------+-----+--------+

Top non-repeatable levels by time:
     D:1: 1056 daAuts
     D:2: 304 daAuts
